XFBL
HOUSTON ASTROS @ ATLANTA BRAVES
04/09/1982
 
TOP OF THE 1ST
Houston Astros batting - Pitching for Atlanta Braves : RHP Alan Knicely
Pitching: RHP Alan Knicely
Batting: RHB Mickey Hatcher 0-0: Ball
1-0: SOLO HOME RUN (Flyball, 7D, EV 106.3 MPH), Distance : 379 ft
Batting: RHB John Castino 0-0: Called Strike
0-1: SINGLE (Line Drive, 89S, EV 94.4 MPH)
Batting: LHB Jose Cruz 0-0: Ball
1-0: Swinging Strike
1-1: Foul Ball, location: 2F
1-2: Fly out, F7 (Flyball, 78M, EV 83.1 MPH)
Batting: RHB Julio Franco 0-0: Called Strike
0-1: Ball
1-1: Fielders Choice at 2nd, 4-6 (Groundball, 4M, EV 90.6 MPH)
Batting: SHB Christopher Clark 0-0: Ball
1-0: Foul Ball, location: 2F
1-1: Swinging Strike
1-2: Foul Ball, location: 2F
1-2: Ball
Julio Franco steals 2nd base
2-2: Ball
3-2: DOUBLE (Line Drive, 7D, EV 96.3 MPH)
Julio Franco scores
Batting: RHB Zail Smith 0-0: Ball
1-0: 2-RUN HOME RUN (Flyball, 7D, EV 102.5 MPH), Distance : 374 ft
Batting: SHB Tom Herr 0-0: Ball
1-0: Foul Ball, location: 2F
1-1: Ball
2-1: Foul Ball, location: 2F
2-2: Strikes out swinging
Top of the 1st over - 4 runs, 4 hits, 0 errors, 0 left on base; Houston 4 - Atlanta 0
BOTTOM OF THE 1ST
Atlanta Braves batting - Pitching for Houston Astros : RHP Steve Bedrosian
Pitching: RHP Steve Bedrosian
Batting: LHB Brett Butler 0-0: Fly out, F7 (Flyball, 7D, EV 103.1 MPH)
Batting: LHB Joe L Morgan 0-0: Ball
1-0: Ball
2-0: Foul Ball, location: 2F
2-1: Ball
3-1: Called Strike
3-2: Ground out 3-1 (Groundball, 34S, EV 69.4 MPH)
Batting: SHB Tony Fernandez 0-0: Called Strike
0-1: Ball
1-1: Foul Ball, location: 2F
1-2: Ball
2-2: Ground out 6-3 (Groundball, 6, EV 91.9 MPH)
Bottom of the 1st over - 0 runs, 0 hits, 0 errors, 0 left on base; Houston 4 - Atlanta 0
TOP OF THE 2ND
Houston Astros batting - Pitching for Atlanta Braves : RHP Alan Knicely
Batting: RHB Dave Valle 0-0: SINGLE (Groundball, 56D, EV 102.5 MPH)
Batting: RHB Steve Bedrosian 0-0: Sac Bunt to 13S - play at first, batter OUT! 1-4
Dave Valle to second
Batting: RHB Mickey Hatcher 0-0: Called Strike
0-1: Ground out 6-3 (Groundball, 6, EV 88.8 MPH)
Dave Valle to third
Batting: RHB John Castino 0-0: Called Strike
0-1: Ground out 6-3 (Groundball, 6S, EV 89.4 MPH)
Top of the 2nd over - 0 runs, 1 hit, 0 errors, 1 left on base; Houston 4 - Atlanta 0
BOTTOM OF THE 2ND
Atlanta Braves batting - Pitching for Houston Astros : RHP Steve Bedrosian
Batting: LHB Karl Pagel 0-0: Called Strike
0-1: SOLO HOME RUN (Flyball, 9D, EV 100.6 MPH), Distance : 373 ft
Batting: LHB Leon Durham 0-0: Ball
1-0: Ball
2-0: Called Strike
2-1: Called Strike
2-2: SOLO HOME RUN (Flyball, 9D, EV 105.6 MPH), Distance : 386 ft
Batting: LHB Mike Hargrove 0-0: Called Strike
0-1: Ball
1-1: Ball
2-1: Fly out, F9 (Line Drive, 9, EV 88.8 MPH)
Batting: LHB Mike Scioscia 0-0: Swinging Strike
0-1: Ground out 6-3 (Groundball, 6M, EV 83.8 MPH)
Batting: RHB Tom Veryzer 0-0: Called Strike
0-1: Ball
1-1: SINGLE (Groundball, 4MD, EV 98.1 MPH)
Batting: RHB Alan Knicely 0-0: Fly out, F7 (Flyball, 7D, EV 91.9 MPH)
Bottom of the 2nd over - 2 runs, 3 hits, 0 errors, 1 left on base; Houston 4 - Atlanta 2
TOP OF THE 3RD
Houston Astros batting - Pitching for Atlanta Braves : RHP Alan Knicely
Batting: LHB Jose Cruz 0-0: Called Strike
0-1: Ball
1-1: Foul Ball, location: 2F
1-2: Ground out 6-3 (Groundball, 6, EV 81.3 MPH)
Batting: RHB Julio Franco 0-0: Ground out 5-3 (Groundball, 56S, EV 60.0 MPH)
Batting: SHB Christopher Clark 0-0: Called Strike
0-1: Ball
1-1: Ball
2-1: Ball
3-1: Base on Balls
Batting: RHB Zail Smith 0-0: Swinging Strike
0-1: Called Strike
0-2: 2-RUN HOME RUN (Flyball, 7D, EV 89.4 MPH), Distance : 366 ft
Batting: SHB Tom Herr 0-0: Called Strike
0-1: Ball
1-1: Ball
2-1: DOUBLE (Flyball, 78D, EV 106.3 MPH)
Batting: RHB Dave Valle 0-0: Intentional Walk
Batting: RHB Steve Bedrosian 0-0: Swinging Strike
0-1: Swinging Strike
0-2: Foul Ball, location: 2F
0-2: Foul Ball, location: 2F
0-2: Ball
1-2: Ball
2-2: Foul Ball, location: 2F
2-2: Strikes out swinging
Top of the 3rd over - 2 runs, 2 hits, 0 errors, 2 left on base; Houston 6 - Atlanta 2
BOTTOM OF THE 3RD
Atlanta Braves batting - Pitching for Houston Astros : RHP Steve Bedrosian
Batting: LHB Brett Butler 0-0: Ball
1-0: SINGLE (Groundball, 6M, EV 95.6 MPH) (infield hit)
Batting: LHB Joe L Morgan 0-0: Called Strike
0-1: Ball
1-1: SINGLE (Flyball, 8RS, EV 86.3 MPH)
Brett Butler to second
Runner from 2nd tries for 3rd, SAFE, throw by CF made to third
Batting: SHB Tony Fernandez 0-0: Called Strike
0-1: Foul Ball, location: 2F
0-2: Ball
1-2: Foul Ball, location: 2F
1-2: Strikes out swinging
Batting: LHB Karl Pagel 0-0: Foul Ball, location: 2F
0-1: DOUBLE (Groundball, 3L, EV 98.1 MPH)
Brett Butler scores
Joe L Morgan to third
Runner from 3rd tries for Home, SAFE, throw by RF to trailing runner, SAFE at third!
Batting: LHB Leon Durham 0-0: Called Strike
0-1: Foul Ball, location: 2F
0-2: Ball
1-2: Foul Ball, location: 2F
1-2: SINGLE (Flyball, 9LS, EV 89.4 MPH)
Karl Pagel scores
Batting: LHB Mike Hargrove 0-0: Foul Ball, location: 2F
0-1: Grounds into double play, 4-6-3 (Groundball, 4MS, EV 85.6 MPH)
Bottom of the 3rd over - 3 runs, 4 hits, 0 errors, 0 left on base; Houston 6 - Atlanta 5
TOP OF THE 4TH
Houston Astros batting - Pitching for Atlanta Braves : RHP Alan Knicely
Batting: RHB Mickey Hatcher 0-0: Called Strike
0-1: Ball
1-1: Ball
2-1: Foul Ball, location: 2F
2-2: Ball
3-2: Fly out, F5 (Line Drive, 5, EV 66.9 MPH)
Batting: RHB John Castino 0-0: Swinging Strike
0-1: SINGLE (Line Drive, 5D, EV 101.9 MPH)
Batting: LHB Jose Cruz 0-0: Ball
1-0: Fly out, F8 (Flyball, 8RD, EV 96.3 MPH)
Batting: RHB Julio Franco 0-0: Ball
1-0: Swinging Strike
1-1: Ground out 6-3 (Groundball, 6MS, EV 69.4 MPH)
Top of the 4th over - 0 runs, 1 hit, 0 errors, 1 left on base; Houston 6 - Atlanta 5
BOTTOM OF THE 4TH
Atlanta Braves batting - Pitching for Houston Astros : RHP Steve Bedrosian
Batting: LHB Mike Scioscia 0-0: Called Strike
0-1: Foul Ball, location: 2F
0-2: Ball
1-2: Ground out 4-3 (Groundball, 4, EV 85.6 MPH)
Batting: RHB Tom Veryzer 0-0: Fly out, F8 (Flyball, 89XD, EV 93.1 MPH)
Pinch Hitting: LHB Bobby Murcer 0-0: Called Strike
0-1: Ball
1-1: Ball
2-1: Fly out, F8 (Line Drive, 8LM, EV 86.3 MPH)
Bottom of the 4th over - 0 runs, 0 hits, 0 errors, 0 left on base; Houston 6 - Atlanta 5
TOP OF THE 5TH
Houston Astros batting - Pitching for Atlanta Braves : RHP Alan Knicely
Pitching: RHP Migel Puente
Batting: SHB Christopher Clark 0-0: Ball
1-0: Ball
2-0: Called Strike
2-1: Foul Ball, location: 2F
2-2: Ground out 4-3 (Groundball, 4, EV 104.4 MPH)
Batting: RHB Zail Smith 0-0: Foul Ball, location: 2F
0-1: Foul Ball, location: 2F
0-2: Ball
1-2: Fly out, F7 (Flyball, 78M, EV 95.0 MPH)
Pitching: LHP Scott McGregor
Batting: SHB Tom Herr 0-0: Called Strike
0-1: Ball
1-1: Ball
2-1: Foul Ball, location: 2F
2-2: Fly out, F8 (Line Drive, 8RD, EV 92.5 MPH)
Top of the 5th over - 0 runs, 0 hits, 0 errors, 0 left on base; Houston 6 - Atlanta 5
BOTTOM OF THE 5TH
Atlanta Braves batting - Pitching for Houston Astros : RHP Steve Bedrosian
Batting: LHB Brett Butler 0-0: Ball
1-0: SINGLE (Groundball, 34D, EV 99.4 MPH) (infield hit)
Batting: LHB Joe L Morgan 0-0: Ball
1-0: Ball
2-0: Ball
3-0: Base on Balls
Brett Butler to second
Batting: SHB Tony Fernandez 0-0: Foul Ball, location: 2F
0-1: Ball
1-1: Foul Ball, location: 2F
1-2: Ball
2-2: Strikes out swinging
Batting: LHB Karl Pagel 0-0: Ball
Brett Butler steals 3rd base
Joe L Morgan to second
1-0: Called Strike
1-1: Foul Ball, location: 2F
1-2: Ball
2-2: Strikes out swinging
Batting: LHB Leon Durham 0-0: Ball
Wild Pitch!
Brett Butler scores
Joe L Morgan to third
1-0: SINGLE (Groundball, 34D, EV 98.8 MPH)
Joe L Morgan scores
Pitching: LHP Richard Thompson
Now at 2B: Bill D Doran
Batting: LHB Mike Hargrove Pickoff Throw to First - Error! E1
Leon Durham to second
0-0: Ball
1-0: Ball
2-0: Called Strike
2-1: Foul Ball, location: 2F
2-2: DOUBLE (Line Drive, 78XD, EV 108.1 MPH)
Leon Durham scores
Batting: LHB Mike Scioscia 0-0: Ball
1-0: Ball
2-0: SINGLE (Groundball, 56S, EV 71.9 MPH) (infield hit)
Mike Hargrove to third
Batting: RHB Tom Veryzer 0-0: Ball
1-0: Foul Ball, location: 2F
1-1: Swinging Strike
1-2: Strikes out swinging
Bottom of the 5th over - 3 runs, 4 hits, 1 error, 2 left on base; Houston 6 - Atlanta 8
TOP OF THE 6TH
Houston Astros batting - Pitching for Atlanta Braves : LHP Scott McGregor
Batting: RHB Dave Valle 0-0: Called Strike
0-1: Swinging Strike
0-2: Foul Ball, location: 2F
0-2: Ball
1-2: Ball
2-2: Foul Ball, location: 2F
2-2: Ball
3-2: Foul Ball, location: 2F
3-2: Foul Ball, location: 2F
3-2: Fly out, F8 (Line Drive, 8RM, EV 90.6 MPH)
Batting: SHB Bill D Doran 0-0: Foul Ball, location: 2F
0-1: Ball
1-1: Ball
2-1: Foul Ball, location: 2F
2-2: Ball
3-2: SINGLE (Groundball, 4MD, EV 97.5 MPH)
Batting: RHB Mickey Hatcher 0-0: Ball
1-0: Ball
2-0: Grounds into double play, 6-4-3 (Groundball, 6S, EV 85.6 MPH)
Top of the 6th over - 0 runs, 1 hit, 0 errors, 0 left on base; Houston 6 - Atlanta 8
BOTTOM OF THE 6TH
Atlanta Braves batting - Pitching for Houston Astros : LHP Richard Thompson
Batting: SHB Scott McGregor 0-0: Called Strike
0-1: Called Strike
0-2: Ground out 4-3 (Groundball, 4, EV 106.3 MPH)
Batting: LHB Brett Butler 0-0: Called Strike
0-1: Fly out, F6 (Popup, 6D, EV 60.0 MPH)
Batting: LHB Joe L Morgan 0-0: Ball
1-0: Ball
2-0: Called Strike
2-1: Ball
3-1: Base on Balls
Pitching: RHP Reggie Cleveland
Batting: SHB Tony Fernandez 0-0: Ball
Joe L Morgan steals 2nd base
1-0: Ball
2-0: Called Strike
2-1: Swinging Strike
2-2: SINGLE (Groundball, 6MS, EV 74.4 MPH) (infield hit)
Joe L Morgan to third
Batting: LHB Karl Pagel 0-0: Ball
1-0: Ball
2-0: Foul Ball, location: 2F
2-1: Fly out, F8 (Flyball, 8LM, EV 81.9 MPH)
Bottom of the 6th over - 0 runs, 1 hit, 0 errors, 2 left on base; Houston 6 - Atlanta 8
TOP OF THE 7TH
Houston Astros batting - Pitching for Atlanta Braves : LHP Scott McGregor
Batting: RHB John Castino 0-0: Ball
1-0: Called Strike
1-1: Fly out, F8 (Line Drive, 8RM, EV 84.4 MPH)
Batting: LHB Jose Cruz 0-0: Ball
1-0: Called Strike
1-1: Foul Ball, location: 2F
1-2: Ball
2-2: Fly out, F4 (Popup, 4S, EV 71.3 MPH)
Batting: RHB Julio Franco 0-0: Called Strike
0-1: Ground out 6-3 (Groundball, 6, EV 84.4 MPH)
Top of the 7th over - 0 runs, 0 hits, 0 errors, 0 left on base; Houston 6 - Atlanta 8
BOTTOM OF THE 7TH
Atlanta Braves batting - Pitching for Houston Astros : RHP Reggie Cleveland
Batting: LHB Leon Durham 0-0: Ball
1-0: Foul Ball, location: 2F
1-1: Called Strike
1-2: Ball
2-2: Foul Ball, location: 2F
2-2: Strikes out swinging
Batting: LHB Mike Hargrove 0-0: Ball
1-0: Ball
2-0: Ball
3-0: Base on Balls
Batting: LHB Mike Scioscia 0-0: Called Strike
0-1: Ball
1-1: Called Strike
1-2: Grounds into double play, 4-6-3 (Groundball, 4, EV 86.9 MPH)
Bottom of the 7th over - 0 runs, 0 hits, 0 errors, 0 left on base; Houston 6 - Atlanta 8
TOP OF THE 8TH
Houston Astros batting - Pitching for Atlanta Braves : LHP Scott McGregor
Batting: SHB Christopher Clark 0-0: Ball
1-0: Foul Ball, location: 2F
1-1: Swinging Strike
1-2: Ball
2-2: Foul Ball, location: 2F
2-2: Fly out, F8 (Line Drive, 8LD, EV 84.4 MPH)
Batting: RHB Zail Smith 0-0: Ball
1-0: Ball
2-0: Ball
3-0: Base on Balls
Pinch Hitting: LHB George Vukovich 0-0: Fly out, F9 (Flyball, 9D, EV 101.3 MPH)
Batting: RHB Dave Valle 0-0: Ball
1-0: Ball
2-0: Ball
3-0: Called Strike
3-1: Base on Balls
Zail Smith to second
Pitching: RHP Charlie Lea
Now at C: Adam Suman
Batting: SHB Bill D Doran 0-0: Swinging Strike
0-1: Ball
1-1: SINGLE (Flyball, 7LS, EV 90.6 MPH)
Zail Smith to third
Dave Valle to second
Runner from 3rd tries for Home, SAFE, throw by LF to home
Batting: RHB Mickey Hatcher 0-0: Ground out U3 (Groundball, 3, EV 85.6 MPH)
Top of the 8th over - 1 run, 1 hit, 0 errors, 2 left on base; Houston 7 - Atlanta 8
BOTTOM OF THE 8TH
Atlanta Braves batting - Pitching for Houston Astros : RHP Reggie Cleveland
Pitching: RHP Victor Sanchez
Batting: RHB Tom Veryzer 0-0: Called Strike
0-1: Ball
1-1: SINGLE (Groundball, 6MD, EV 101.3 MPH)
Batting: RHB Adam Suman 0-0: Called Strike
0-1: Fly out, F9 (Flyball, 89D, EV 102.5 MPH)
Batting: LHB Brett Butler 0-0: Ball
Tom Veryzer steals 2nd base (no throw)
1-0: Ground out 6-3 (Groundball, 6, EV 100.0 MPH)
Batting: LHB Joe L Morgan 0-0: Called Strike
0-1: Ball
1-1: Foul Ball, location: 2F
1-2: Foul Ball, location: 2F
1-2: Ball
2-2: Strikes out swinging
Bottom of the 8th over - 0 runs, 1 hit, 0 errors, 1 left on base; Houston 7 - Atlanta 8
TOP OF THE 9TH
Houston Astros batting - Pitching for Atlanta Braves : RHP Charlie Lea
Now at 2B: UL Washington
Now in RF: Gil Flores
Batting: RHB John Castino 0-0: Ball
1-0: Ball
2-0: Ball
3-0: Base on Balls
Batting: LHB Jose Cruz 0-0: Foul Ball, location: 2F
0-1: SINGLE (Line Drive, 78M, EV 86.3 MPH)
John Castino to second
Runner from 2nd tries for 3rd, SAFE, throw by LF made to third
Batting: RHB Julio Franco 0-0: SINGLE (Flyball, 4D, EV 81.3 MPH)
John Castino scores
Jose Cruz to second
Runner from 2nd tries for 3rd, OUT! 8-5
Batting: SHB Christopher Clark 0-0: Ball
1-0: Called Strike
1-1: Ball
2-1: Foul Ball, location: 2F
2-2: DOUBLE (Line Drive, 8RXD, EV 101.3 MPH)
Julio Franco to third
Runner from 3rd tries for Home, SAFE, throw by CF to home
Batting: RHB Zail Smith 0-0: Ball
1-0: Ball
2-0: Called Strike
2-1: Ball
3-1: Base on Balls
Pinch Hitting: LHB Jerry Narron 0-0: Hit by Pitch
Christopher Clark to third
Zail Smith to second
Batting: RHB Dave Valle 0-0: Ball
1-0: Ball
2-0: Called Strike
2-1: Foul Ball, location: 2F
2-2: Grounds into double play, 6-2-3 (Groundball, 6, EV 101.3 MPH)
Top of the 9th over - 2 runs, 3 hits, 0 errors, 2 left on base; Houston 9 - Atlanta 8
BOTTOM OF THE 9TH
Atlanta Braves batting - Pitching for Houston Astros : RHP Victor Sanchez
Pitching: RHP Luis Aponte
Now at 2B: Ricky Adams
Batting: SHB Tony Fernandez 0-0: Foul Ball, location: 2F
0-1: SINGLE (Groundball, 56S, EV 74.4 MPH) (infield hit)
Batting: LHB Karl Pagel 0-0: Ball
1-0: Foul Ball, location: 2F
1-1: Foul Ball, location: 2F
1-2: SINGLE (Groundball, 34D, EV 102.5 MPH)
Tony Fernandez to second
Runner from 2nd tries for 3rd, SAFE, no throw by RF
Batting: LHB Leon Durham 0-0: Foul Ball, location: 2F
0-1: Ball
1-1: Foul Ball, location: 2F
1-2: Ball
2-2: SINGLE (Groundball, 6M, EV 105.0 MPH)
Tony Fernandez scores
Karl Pagel to second
Runner from 2nd tries for 3rd, SAFE, throw by CF made to third
Batting: LHB Mike Hargrove Pickoff Throw to First - Out! 1-3
0-0: Ball
1-0: Ball
2-0: Ball
3-0: Base on Balls
Pinch Hitting: LHB Brent Hillenga 0-0: Ball
1-0: Foul Ball, location: 2F
1-1: Foul Ball, location: 2F
1-2: Ball
2-2: Foul Ball, location: 2F
2-2: Foul Ball, location: 2F
2-2: Ball
3-2: Fly out, F8 (Flyball, 8LM, EV 93.8 MPH)
Runner from 3rd tags up, SCORES, throw by CF
Bottom of the 9th over - 2 runs, 3 hits, 0 errors, 0 left on base; Houston 9 - Atlanta 10
Friday, July 17th, 2020 - OOTP Baseball 21.4 Build 63